 Dungeon Crawl Stone Soup version 0.26-b1-45-g23770d1d51 (webtiles) character file.

Game seed: 5948528630404785549

613 DocSulfur the Ruffian (level 7, 18/57 HPs)
             Began as a Green Draconian Transmuter on Jan 6, 2021.
             Was an Initiate of Makhleb.
             Quit the game on level 4 of the Dungeon.
             The game lasted 00:08:56 (4572 turns).

DocSulfur the Ruffian (Green Draconian Transmuter)  Turns: 4572, Time: 00:08:57

Health: 18/57      AC:  6    Str: 14    XL:     7   Next: 20%
Magic:  10/12      EV: 16    Int: 14    God:    Makhleb [......]
Gold:   129        SH:  0    Dex: 11    Spells: 9/12 levels left

rFire    . . .     SeeInvis .     - Unarmed
rCold    . . .     Faith    .   (no shield)
rNeg     + . .     Spirit   .   (armour unavailable)
rPois    +         Reflect  .   (helmet currently unavailable)
rElec    .         Harm     .   (no cloak)
rCorr    .         Rampage  .   (no gloves)
Will     .....                  (boots currently unavailable)
Stlth    +.........             (no amulet)
HPRegen  0.19/turn              a - +4 ring of evasion
MPRegen  0.13/turn              s - ring of positive energy

@: appendages, wereblooded (expiring)
A: breathe noxious fumes, unfitting armour, horns 2, talons 2, poison
resistance, cold-blooded, AC +6
a: Breathe Noxious Fumes, End Transformation, Renounce Religion


You were on level 4 of the Dungeon.
You worshipped Makhleb.
Makhleb was noncommittal.
You had grown temporary horns.
You had grown temporary talons.
You visited 2 branches of the dungeon, and saw 5 of its levels.

You collected 129 gold pieces.

Inventory:

Missiles
 d - 10 sling bullets
 f - 103 arrows
 g - 31 bolts
 k - 51 stones
Armour
 m - a +0 hat (melded)
Jewellery
 a - a +4 ring of evasion (left hand)
 s - a ring of positive energy (right hand)
 t - an uncursed ring of flight
Scrolls
 b - 2 scrolls of amnesia {unknown}
 i - 2 scrolls of remove curse {unknown}
 l - 2 scrolls of fear {unknown}
 n - a scroll of identify {unknown}
 o - 2 scrolls of immolation {unknown}
 q - 3 scrolls of magic mapping {unknown}
 r - a scroll of fog {unknown}
Potions
 c - 3 potions of curing {unknown}
 e - a potion of cancellation {unknown}
 h - 4 potions of flight {unknown}
 j - 2 potions of heal wounds
 p - a potion of might {unknown}
 u - a potion of resistance {unknown}


   Skills:
 + Level 3.5 Fighting
 - Level 1.7 Dodging
 * Level 5.4 Unarmed Combat
 + Level 3.3 Spellcasting
 * Level 4.8 Transmutations


You had 9 spell levels left.
You knew the following spells:

 Your Spells              Type           Power        Failure   Level
a - Beastly Appendage     Tmut           30%          2%          1
b - Wereblood             Tmut           15%          4%          2

Your spell library contained the following spells:

 Spells                   Type           Power        Failure   Level
 Spider Form              Tmut/Pois      4%           22%         3
 Ice Form                 Ice/Tmut       9%           58%         4
 Blade Hands              Tmut           7%           61%         5


Dungeon Overview and Level Annotations

Branches:
Dungeon (4/15)             Temple (1/1) D:4

Altars:
Ashenzari
Cheibriados
Elyvilon
Fedhas
Gozag
Kikubaaqudgha
Makhleb
Nemelex Xobeh
Okawaru
Qazlal
Sif Muna
Trog
Uskayaw
Wu Jian
Yredelemnul
The Shining One

Annotations:
D:4 Sigmund


Innate Abilities, Weirdness & Mutations

You can breathe blasts of noxious fumes.
Your lurid green scales are hard. (AC +6)
You cannot fit into any form of body armour.
Your system is resistant to poisons. (rPois)
You are cold-blooded and may be slowed by cold attacks.
You have a pair of horns on your head.
You have razor-sharp toenails.


Message History

The phantom hits you.
The phantom blinks!
Items here: ! $ ))) ? [ †††.
The dart slug barely misses you.
You punch the dart slug! You tail-slap the dart slug.
You kill the dart slug!
Makhleb accepts your kill.
Your primal bloodlust is almost over.
Found a chain mail.
You hear a shout!
Found a robe.
You howl as the wereblood boils in your veins!
You hear a shout!
An ogre comes into view. It is wielding a +0 giant spiked club.
An orc priest comes into view. It is wielding a +0 hand axe.
The phantom blinks!
Found a scroll labelled SEFREO MUMMEUN.
The orc priest calls down the wrath of Beogh upon you.
Beogh smites you! The phantom hits you.
The phantom blinks!
The phantom hits you but does no damage.
Are you sure you want to abandon this character and quit the game? (Confirm with "yes".)

# ### #.# .. #......#
#...#)## . #...##..
##...#..##.# ###.#..##$
#....#...#'#...'.##..##
#...'#........##. ...#
##........### #....
.####.........# ##.#.
.'...........#'. #...
.####..@......#. ###.
##W.......#
.'#........# .
.?..#...#o#... .
##..[#..##.#### . #.[
#.## .O ### #.# .. #'#


You could see a phantom and an orc priest.

Vanquished Creatures
  Edmund (D:3)
  An ogre (D:4)
  A phantom (D:4)
  An orc priest (D:3)
  2 orc wizards (D:4)
  A worker ant (D:4)
  3 gnolls
  6 adders
  An ooze (D:2)
  4 worms
  4 dart slugs
  3 leopard geckos (D:1)
  13 orcs
  3 giant cockroaches
  12 goblins
  8 hobgoblins
  3 jackals (D:2)
  8 kobolds
  3 quokkas
  7 bats
  5 frilled lizards
  A quokka skeleton (D:4)
  7 rats
98 creatures vanquished.

Notes
Turn   | Place    | Note
-------+----------+-------------------------------------------
     0 | D:1      | DocSulfur the Draconian Transmuter began the quest for the
                  | Orb.
     0 | D:1      | Reached XP level 1. HP: 16/16 MP: 3/3
   338 | D:1      | Reached XP level 2. HP: 21/23 MP: 3/5
   524 | D:1      | Learned a level 2 spell: Wereblood
  1098 | D:1      | Reached XP level 3. HP: 24/29 MP: 4/6
  1880 | D:2      | Reached XP level 4. HP: 33/36 MP: 3/7
  1893 | D:2      | Found an iron altar of Okawaru.
  2363 | D:2      | Reached skill level 4 in Unarmed Combat
  2639 | D:3      | Reached XP level 5. HP: 20/42 MP: 8/8
  3552 | D:4      | Noticed a phantom
  3616 | D:4      | Killed a phantom
  3617 | D:4      | Reached XP level 6. HP: 34/50 MP: 10/10
  3750 | D:4      | Found a staircase to the Ecumenical Temple.
  3766 | Temple   | Entered the Ecumenical Temple
  3881 | Temple   | Became a worshipper of Makhleb the Destroyer
  4062 | D:4      | Noticed Sigmund
  4213 | D:4      | Noticed Edmund
  4334 | D:3      | Killed Edmund
  4335 | D:3      | Reached skill level 5 in Unarmed Combat
  4560 | D:4      | Your scales start taking on a lurid green colour.
  4560 | D:4      | Reached XP level 7. HP: 40/57 MP: 9/11
  4560 | D:4      | Gained mutation: Your system is resistant to poisons.
                  | (rPois) [Green Draconian growth]
  4572 | D:4      | Quit the game

Illustrated notes

Levels and vault maps discovered:
D:1:      amcnicky_arrival_wind_blow, layout_basic, st_stairs_4
D:2:      layout_loops_ring, okawaru_altar_gauntlet_db
D:3:      layout_basic
D:4:      layout_loops_ring, doesnt_xom_only_xom, lemuel_doored_altar,
          minmay_temple_entry_waves, minmay_pentangle, uniq_edmund,
          uniq_sigmund, uniq_blork_the_orc
Temple:   bh_familiar_temple

Skill      XL: |  1  2  3  4  5  6 |
---------------+-------------------+-----
Fighting       | 2 3 |  3.5
Transmutations | 3 4 |  4.8
Unarmed Combat | 4 5 |  5.4
Spellcasting   | 3 |  3.3
Dodging        | |  1.7

Action                   |  1- 3 |  4- 6 |  7- 9 || total
-------------------------+-------+-------+-------++-------
Melee: Unarmed           |   133 |   232 |     3 ||   368
       Kick              |    18 |    52 |     2 ||    72
       Tailslap          |    10 |    24 |     1 ||    35
       Headbutt          |     5 |    22 |     1 ||    28
       Punch             |     1 |     2 |       ||     3
 Cast: Beastly Appendage |    25 |    33 |       ||    58
       Wereblood         |     7 |    10 |       ||    17
Armor: Skin              |    44 |    42 |     1 ||    87
Dodge: Dodged            |   119 |   149 |     1 ||   269
